 Dungeon Crawl Stone Soup version 0.30-a0-121-gb27577e5d9 (webtiles) character file.

Game seed: 12878004241521276102

483 SigmundSlayer the Shooter (level 7, 0/63 HPs)
             Began as a Naga Hunter on Sept 14, 2022.
             Was a Believer of the Shining One.
             Shot with an arrow by a centaur (13 damage)
             ... on level 5 of the Dungeon.
             The game lasted 00:05:14 (4083 turns).

SigmundSlayer the Shooter (Naga Hunter)             Turns: 4083, Time: 00:05:16

Health: 0/63       AC:  4    Str: 19      XL:     7   Next: 12%
Magic:  9/9        EV:  9    Int: 10      God:    the Shining One [**....]
Gold:   258        SH:  0    Dex: 15 (16) Spells: 6/6 levels left

rFire   + . .      SeeInvis +    a - +0 shortbow
rCold   . . .      Faith    .    (shield currently unavailable)
rNeg    + . .      Spirit   .    c - +1 leather armour
rPois   +          Reflect  .    (no helmet)
rElec   .          Harm     .    (no cloak)
rCorr   .          Rampage  .    (no gloves)
Will    .....                    (no barding)
Stlth   +.........               (no amulet)
HPRegen 0.20/turn                h - +6 ring of strength
MPRegen 0.11/turn                j - ring of protection from fire

@: glowing, very slow
A: AC +2, large, see invisible, deformed body, poison resistance, slowness 2,
spit poison 1, naga tail 1
a: Spit Poison, Renounce Religion, Divine Shield


You were on level 5 of the Dungeon.
You worshipped the Shining One.
The Shining One was pleased with you.
You visited 1 branch of the dungeon, and saw 5 of its levels.

You collected 258 gold pieces.

Inventory:

Hand Weapons
 a - a +0 shortbow (weapon)
Armour
 c - a +1 leather armour (worn)
Jewellery
 h - a +6 ring of strength (left hand)
 j - a ring of protection from fire (right hand)
Scrolls
 b - 2 scrolls of immolation
 e - a scroll of amnesia
 g - 2 scrolls of poison
 n - a scroll of enchant weapon {unknown}
Potions
 d - a potion of lignification
 f - 2 potions of heal wounds {unknown}
 i - a potion of invisibility {unknown}
 k - 2 potions of flight {unknown}
 l - 3 potions of curing {unknown}
 m - a potion of brilliance


   Skills:
 + Level 3.8 Fighting
 * Level 6.1 Ranged Weapons
 - Level 0.6 Armour
 - Level 1.5 Dodging
 - Level 1.5 Stealth
 + Level 3.2 Invocations


You had 6 spell levels left.
You didn't know any spells.
Your spell library contained the following spells:

 Spells                   Type           Power      Damage    Failure   Level
 Sting                    Tmut/Pois      0%         1d3       41%         1
 Poisonous Vapours        Pois/Air       0%         N/A       56%         2
 Olgreb's Toxic Radiance  Pois           0%         N/A       99%         4


Dungeon Overview and Level Annotations

Branches:
Dungeon (5/15)
 Temple: D:4-7

Altars:
Cheibriados
Hepliaklqana
Makhleb
Qazlal
Wu Jian
The Shining One

Shops:
D:2 [


Innate Abilities, Weirdness & Mutations

Your serpentine skin is tough. (AC +2)
You have supernaturally acute eyesight. (SInv)
Armour fits poorly on your strangely shaped body.
Your system is resistant to poisons. (rPois)
You cover ground very slowly.
You can spit poison.
You have a snake-like lower body.


Message History

Found 5 stones.
There is an open door here.
A howler monkey comes into view.
The howler monkey hoots and howls with incredible vigour!
You hear a shout! x3; You hear an angry hiss.
You shoot an arrow. The arrow hits the howler monkey!
The howler monkey is moderately wounded.
A centaur comes into view.
You shoot an arrow. The arrow hits the howler monkey.
The howler monkey is heavily wounded.
The centaur wields a +0 shortbow.
The centaur shoots an arrow.
The arrow hits you.
You shoot an arrow.
The arrow closely misses the howler monkey.
You shoot an arrow.
The arrow hits the howler monkey but does no damage.
The howler monkey is heavily wounded.
The centaur shoots an arrow.
The arrow hits you!
The howler monkey hoots and howls with incredible vigour!
The centaur shoots an arrow.
The arrow barely misses you.
You hear a shout! x4
You shoot an arrow. The arrow hits the howler monkey!
The howler monkey is almost dead.
The centaur shoots an arrow.
The arrow closely misses you.
The centaur shoots an arrow.
The arrow hits you! The howler monkey barely misses you.
You shoot an arrow. The arrow hits the howler monkey!
You kill the howler monkey!
The centaur shoots an arrow.
The arrow hits you!
The centaur shoots an arrow.
The arrow hits you!
* * * LOW HITPOINT WARNING * * *
You are too injured to fight recklessly!
You are too injured to fight recklessly!
You are too injured to fight recklessly!
Fire: a) +0 shortbow
Press: ? - help, Q - select action, (/) - cycle Shift-Dir - straight line, f - centaur
Aim: a centaur, wielding a +0 shortbow (73% to hit)
You shoot an arrow. The arrow closely misses the centaur.
The centaur shoots an arrow.
The arrow hits you!
You die...

#....# #....#
#....# ####....+
........#
........#
.......†#
...c...@#######
..............#
............(.#
######+##......#
#.......#......#
#......<##'#####
#..............#
#..............#
#..............#


You could see a centaur.

Vanquished Creatures
  A bullfrog (D:4)
  A scorpion (D:4)
  A howler monkey (D:5)
  4 iron imps
  Jessica (D:3)
  An iguana (D:4)
  An orc wizard (D:3)
  5 adders (D:2)
  2 worms
  3 dart slugs (D:1)
  5 orcs
  7 ball pythons
  2 bats (D:1)
  8 endoplasms
  3 giant cockroaches
  8 goblins
  5 hobgoblins
  4 jackals (D:4)
  A quokka (D:4)
  8 frilled lizards
  6 kobolds
  6 rats
83 creatures vanquished.

Notes
Turn   | Place    | Note
-------+----------+-------------------------------------------
     0 | D:1      | SigmundSlayer the Naga Hunter began the quest for the Orb.
     0 | D:1      | Reached XP level 1. HP: 19/19 MP: 1/1
   140 | D:1      | Reached XP level 2. HP: 23/26 MP: 2/2
   190 | D:1      | Reached skill level 4 in Ranged Weapons
   350 | D:1      | Reached XP level 3. HP: 32/32 MP: 3/3
   433 | D:1      | Found a faded altar of an unknown god.
   466 | D:1      | Prayed at the altar of an unknown god.
   466 | D:1      | Became a worshipper of the Shining One
   466 | D:1      | Reached * piety under the Shining One
  1510 | D:2      | Found Zueprimm's Armour Shop.
  1517 | D:2      | Reached XP level 4. HP: 39/39 MP: 4/4
  1541 | D:2      | Reached skill level 1 in Invocations
  2229 | D:3      | Noticed Jessica
  2237 | D:3      | Killed Jessica
  2238 | D:3      | Reached skill level 5 in Ranged Weapons
  2238 | D:3      | Reached XP level 5. HP: 32/46 MP: 4/6
  2395 | D:3      | Found an ornate altar of the Wu Jian Council.
  2685 | D:3      | Found a stormy altar of Qazlal.
  2726 | D:3      | Found a burning altar of Makhleb.
  2750 | D:3      | Reached XP level 6. HP: 42/56 MP: 7/7
  2949 | D:3      | Found a hazy altar of Hepliaklqana.
  3046 | D:4      | Reached ** piety under the Shining One
  3051 | D:4      | Found a snail-covered altar of Cheibriados.
  3645 | D:4      | Reached skill level 6 in Ranged Weapons
  3645 | D:4      | Reached XP level 7. HP: 36/63 MP: 9/9
  4065 | D:5      | Entered Level 5 of the Dungeon
  4083 | D:5      | Shot with an arrow by a centaur

Illustrated notes

Levels and vault maps discovered:
D:1:      saegor_arrival_simple_d, layout_basic, shapermc_ecumenical_altar_venn
D:2:      layout_basic, serial_shops, shop, skrybe_limestone_x,
          minmay_lizard_pond
D:3:      layout_rooms, demons_altar, nicolae_hepliaklqana_hippocampus,
          mainiacjoe_overflow_alcove_2, grunt_qazlal_sundering, uniq_jessica
D:4:      layout_basic, slow_altar_1
D:5:      layout_gridville, serial_shops, kennysheep_mini_moat

Skill      XL: |  1  2  3  4  5  6 |
---------------+-------------------+-----
Ranged Weapons | 4 5 6 |  6.1
Invocations    | 1 2 3 |  3.2
Fighting       | 3 |  3.8
Armour         | |  0.6
Dodging        | |  1.5
Stealth        | |  1.5

Action                   |  1- 3 |  4- 6 |  7- 9 || total
-------------------------+-------+-------+-------++-------
 Fire: Shortbow          |   105 |   139 |    29 ||   273
Invok: Divine Shield     |       |       |     1 ||     1
 Abil: Spit Poison       |       |     2 |     1 ||     3
  Use: Scroll            |     3 |     2 |       ||     5
       Potion            |       |     4 |       ||     4
Armor: Leather armour    |     9 |    11 |     3 ||    23
Dodge: Dodged            |    17 |    33 |     9 ||    59
Block: Other             |       |       |     3 ||     3

Table legend: (Time is in decaauts)
 A = Elapsed time spent in this place.
 B = Non-inter-level travel time spent in this place.
 C = Inter-level travel time spent in this place.
 D = Time resting spent in this place.
 E = Time spent auto-exploring this place.
 F = Levels seen in this place.
 G = Mean time per level.
                   A        B        C        D        E       F      G
               +--------+--------+--------+--------+--------+-----+--------+
         Total |   5139 |   4943 |    196 |    330 |   4039 |   5 | 1027.8 |
       Dungeon |   5139 |   4943 |    196 |    330 |   4039 |   5 | 1027.8 |
               +--------+--------+--------+--------+--------+-----+--------+

Top non-repeatable levels by time:
     D:2: 1618 daAuts
     D:4: 1322 daAuts
     D:1: 1234 daAuts
     D:3: 941 daAuts
     D:5: 23 daAuts
